[Event "Early-Titled-Tuesday-Blitz-October-03-2023"]
[Site "Chess.com"]
[Date "2023.10.03"]
[Round "1"]
[White "Road2GM3000"]
[Black "GP9isback23"]
[Result "1/2-1/2"]
[WhiteElo "2364"]
[BlackElo "2644"]
[TimeControl "180+1"]
[EndTime "8:05:12 PDT"]
[Termination "Game drawn by repetition"]

1. d4 Nf6 2. c4 e6 3. Nc3 Bb4 4.
Nf3 b6 5. Bg5 Bb7 6. e3 h6 7.
Bh4 g5 8. Bg3 Ne4 9. Qc2 f5 10.
Bd3 Bxc3+ 11. bxc3 d6 12. d5 Nd7 13. Bxe4 fxe4 14. Qxe4 Nf8 15. Nd4 e5 16. Ne6 Qe7 17. Nxf8 Qxf8 18. Qg6+ Qf7 19. Qxf7+ Kxf7 20. O-O Ba6 21. f4 gxf4 22. exf4 e4 23. Rfe1 Rae8 24. Rad1 Bxc4 25. a3 Bd3 26. Bf2 Rhg8 27. Be3 h5 28. Kf2 Kg6 29. g3 Ref8 30. Rg1 Rf5 31. g4 hxg4 32. Rxg4+ Kf7 33. Rxg8 Kxg8 34. Rg1+ Kh7 35.
Rg5 Rxg5 36. fxg5 Bc4 37. h4 Kg6 38. Kg3 Bxd5 39. Kg4 Be6+ 40. Kf4 Bd5 41. Kg4 Be6+ 42. Kf4 Bd5 43. Kg4 1/2-1/2

[Event "Early-Titled-Tuesday-Blitz-October-03-2023"]
[Site "Chess.com"]
[Date "2023.10.03"]
[Round "1"]
[White "Zainullina_Nataliya"]
[Black "Likvidator228"]
[Result "0-1"]
[WhiteElo "2165"]
[BlackElo "2550"]
[TimeControl "180+1"]
[EndTime "8:05:12 PDT"]
[Termination "Likvidator228 won by checkmate"]

1. Nf3 d5 2. d4 Nf6 3. c4 e6 4. g3 Be7 5. Bg2 O-O 6. O-O dxc4 7.
Qa4 a6 8. Qxc4 b5 9. Qd3 Bb7 10. Nc3 Nbd7 11. a3 c5 12. e4 cxd4 13. Nxd4 Nc5 14. Qd1 Ncxe4 15. Nxe4 Bxe4 16. Bxe4 Nxe4 17. Nc6 Qc7 18. Qc2 Nc5 19. Nxe7+ Qxe7 20. b4 Na4 21. Bf4 Rac8 22. Qe4 Nc3 23. Qf3 Rfd8 24. h4 Nd5 25.
Be5 f6 26. Bd4 e5 27. Bc5 Qe6 28. h5 h6 29. Rfd1 Rd7 30. Rd3 Rcd8 31. Rad1 e4 32. Qe2 Nc3 33. Rxc3 Rxd1+ 34. Kg2 R1d3 35. Rc1 Rxa3 36.
Be3 Ra2 37. Qe1 Qg4 38. Qc3 Qxh5 39. Qc7 Qf3+ 40. Kg1 Rd1+ 41. Kh2 Qh1# 0-1

[Event "Early-Titled-Tuesday-Blitz-October-03-2023"]
[Site "Chess.com"]
[Date "2023.10.03"]
[Round "1"]
[White "Firouzja2003"]
[Black "arminmusovic"]
[Result "1-0"]
[WhiteElo "3109"]
[BlackElo "2517"]
[TimeControl "180+1"]
[EndTime "8:05:14 PDT"]
[Termination "Firouzja2003 won by resignation"]

1. e4 c6 2. d4 d5 3. e5 c5 4.
Nf3 Nc6 5. dxc5 Bg4 6. c3 e6 7. Be3 Qc7 8. Nbd2 Nge7 9. Qa4 Bh5 10. g4 Bg6 11. Nd4 Qxe5 12. Nb5 Nc8 13. O-O-O h5 14. Bf4 Qf6 15. Nc7+ Kd8 16. Nxa8 e5 17. Be3 hxg4 18. Bg2 d4 19. Bxc6 Qxc6 20. Qxc6 bxc6 21. cxd4 e4 22. Bf4 Ne7 23. Nc7 Kd7 24. Nc4 f6 25. d5 Nxd5 26. Nxd5 cxd5 27. Rxd5+ Kc6 28. Rhd1 Bxc5 29.
Be3 1-0

[Event "Early-Titled-Tuesday-Blitz-October-03-2023"]
[Site "Chess.com"]
[Date "2023.10.03"]
[Round "1"]
[White "santosalberto1987"]
[Black "Witik"]
[Result "0-1"]
[WhiteElo "2471"]
[BlackElo "2838"]
[TimeControl "180+1"]
[EndTime "8:05:14 PDT"]
[Termination "Witik won by resignation"]

1. e4 c5 2. Nf3 d6 3. Bb5+ Nc6 4.
Bxc6+ bxc6 5. O-O e5 6. d3 f5 7.
exf5 Bxf5 8. Ne1 Nf6 9. f4 e4 10. dxe4 Nxe4 11. Nd2 Nf6 12. Nef3 Be7 13. b3 O-O 14.
Bb2 Nd5 15. Nc4 Nxf4 16. Qd2 Nd5 17. Rae1 Qd7 18. Ne3 Nxe3 19. Rxe3 Rf7 20. c4 Raf8 21. Rd1 Bg4 22. Rf1 Bg5 0-1

[Event "Early-Titled-Tuesday-Blitz-October-03-2023"]
[Site "Chess.com"]
[Date "2023.10.03"]
[Round "1"]
[White "Kildepiotr"]
[Black "MAGMAchess02"]
[Result "1-0"]
[WhiteElo "2647"]
[BlackElo "2345"]
[TimeControl "180+1"]
[EndTime "8:05:14 PDT"]
[Termination "Kildepiotr won by resignation"]

1. Nf3 Nf6 2. g3 c5 3. Bg2 Nc6 4. O-O e5 5. d3 d5 6. Nbd2 Be7 7.
e4 O-O 8. c3 Re8 9. Qc2 b6 10.
exd5 Nxd5 11. Nc4 Bf8 12. Re1 f6 13. a4 Bb7 14. Qb3 Kh8 15. a5 Qc7 16. Nh4 Nxa5 17.
Nxa5 bxa5 18. Nf5 Rab8 19. Bxd5 a4 20. Qc4 Qd7 21. Bxb7 Rxb7 22. Qxa4 Qf7 23. Qc6 Reb8 24. Ne3 g6 25. Nc4 Bg7 26. Be3 1-0

[Event "Early-Titled-Tuesday-Blitz-October-03-2023"]
[Site "Chess.com"]
[Date "2023.10.03"]
[Round "1"]
[White "UK_23"]
[Black "kleinebeer98"]
[Result "0-1"]
[WhiteElo "2455"]
[BlackElo "2808"]
[TimeControl "180+1"]
[EndTime "8:05:15 PDT"]
[Termination "kleinebeer98 won by checkmate"]

1. e4 e5 2. Nf3 Nc6 3. Bc4 Nf6 4. d3 h6 5. O-O d6 6. c3 g5 7. Bb3 g4 8. Nfd2 h5 9. Nc4 Be6 10. Ne3 Qd7 11. Nd2 O-O-O 12. Ba4 d5 13. Qc2 h4 14.
b4 g3 15. b5 gxh2+ 16. Kh1 Ne7 17. b6 Qd6 18. bxa7 Qa6 19. c4 dxe4 20. Nxe4 Nxe4 21. dxe4 Qxa7 22. Nd5 Ng6 23. Be3 Bc5 24. Rab1 h3 25.
g3 Bxe3 26. Nxe3 Rd4 27. Bb3 Rhd8 28. Rfd1 c6 29. c5 Qa5 30. Bxe6+ fxe6 31. Qb3 Rxd1+ 32.
Rxd1 Rxd1+ 33. Qxd1 Qxc5 34. Kxh2 Qf8 35. Qd2 Qf3 36.
Nc4 Qg2# 0-1

[Event "Early-Titled-Tuesday-Blitz-October-03-2023"]
[Site "Chess.com"]
[Date "2023.10.03"]
[Round "1"]
[White "NodariousBIG"]
[Black "Caterpiller35"]
[Result "1-0"]
[WhiteElo "2841"]
[BlackElo "2472"]
[TimeControl "180+1"]
[EndTime "8:05:19 PDT"]
[Termination "NodariousBIG won by resignation"]

1. e4 c5 2. c3 Nf6 3. e5 Nd5 4. d4 cxd4 5. Qxd4 e6 6. Nf3 Nc6 7. Qe4 f5 8. exf6 Nxf6 9. Qh4 Be7 10. Bd3 O-O 11. Bg5 g6 12. Bh6 Nd5 13. Qa4 Rxf3 14.
gxf3 Ne5 15. Be2 Bg5 16. Bxg5 Qxg5 17. Nd2 Nf4 18. Qd4 b6 19. h4 Qg2 20. Rf1 Nxe2 21.
Kxe2 Ba6+ 22. c4 Nxc4 23. Nxc4 Rc8 24. Rac1 d5 25. Rg1 Qh3 26. Qg4 Rxc4 27. Rxc4 Bxc4+ 28. Ke3 Qxg4 29. fxg4 e5 30. b3 Bb5 31. f4 exf4+ 32.
Kxf4 Kf7 33. Ke5 1-0

[Event "Early-Titled-Tuesday-Blitz-October-03-2023"]
[Site "Chess.com"]
[Date "2023.10.03"]
[Round "1"]
[White "Real_taiatai"]
[Black "FM_Kappeler"]
[Result "1-0"]
[WhiteElo "2552"]
[BlackElo "2168"]
[TimeControl "180+1"]
[EndTime "8:05:19 PDT"]
[Termination "Real_taiatai won by checkmate"]

1. d4 Nf6 2. Nf3 e6 3. Bg5 c5 4. c3 Nc6 5. Nbd2 d5 6. e3 Be7 7.
Bd3 O-O 8. O-O Nh5 9. Bxe7 Qxe7 10. dxc5 Qxc5 11. e4 Nf4 12. Bc2 Rd8 13. e5 Qb6 14. g3 Ng6 15. Bxg6 hxg6 16. Nb3 Bd7 17. Qe2 Ne7 18. Rfe1 Bb5 19. Qd2 Bc4 20. Nbd4 Rac8 21. h4 a5 22. Kg2 a4 23. Rh1 Nf5 24. h5 gxh5 25. Rxh5 Nxd4 26. Nxd4 Qa6 27. Rah1 Kf8 28. Qg5 Ke8 29. Qxg7 Bd3 30. Rh8+ Kd7 31. Qf6 Rxh8 32. Qxf7+ Kd8 33. Rxh8# 1-0

[Event "Early-Titled-Tuesday-Blitz-October-03-2023"]
[Site "Chess.com"]
[Date "2023.10.03"]
[Round "1"]
[White "grandemestregringo"]
[Black "PattyCastillo"]
[Result "1-0"]
[WhiteElo "2531"]
[BlackElo "2039"]
[TimeControl "180+1"]
[EndTime "8:05:19 PDT"]
[Termination "grandemestregringo won on time"]

1. e4 c5 2. Nf3 d5 3. exd5 Qxd5 4. Nc3 Qd8 5. Bb5+ Bd7 6. Qe2 Nc6 7. O-O Nf6 8. d3 e6 9. Re1 Be7 10. Bxc6 Bxc6 11.
Ne5 Rc8 12. Nxc6 Rxc6 13. Bf4 a6 14. Be5 O-O 15. Rad1 Re8 16. d4 cxd4 17. Rxd4 Qa5 18. g4 Rcc8 19. g5 Nd5 20. Nxd5 exd5 21. Bd6 1-0

[Event "Early-Titled-Tuesday-Blitz-October-03-2023"]
[Site "Chess.com"]
[Date "2023.10.03"]
[Round "1"]
[White "BigAl"]
[Black "inegrepus"]
[Result "1-0"]
[WhiteElo "2550"]
[BlackElo "2175"]
[TimeControl "180+1"]
[EndTime "8:05:21 PDT"]
[Termination "BigAl won by resignation"]

1. Nf3 Nf6 2. g3 g6 3. Bg2 Bg7 4. O-O O-O 5. d3 c5 6. e4 Nc6 7.
Nbd2 d6 8. h3 e5 9. a4 a6 10.
Nc4 Rb8 11. Bg5 b5 12. axb5 axb5 13. Ne3 h6 14. Bxf6 Bxf6 15. Nd2 Bg7 16. c3 Be6 17. f4 h5 18. f5 Bd7 19. Kh1 Bh6 20. Nd5 Ne7 21.
Nf6+ Kh8 22. Ra7 Bc6 23. Nxh5 gxh5 24. Qxh5 Kh7 25. Nf3 Rg8 26. f6 Ng6 27. Rxf7+ 1-0

[Event "Early-Titled-Tuesday-Blitz-October-03-2023"]
[Site "Chess.com"]
[Date "2023.10.03"]
[Round "1"]
[White "knightinshiningarmour16"]
[Black "isaak2009"]
[Result "0-1"]
[WhiteElo "2101"]
[BlackElo "2536"]
[TimeControl "180+1"]
[EndTime "8:05:21 PDT"]
[Termination "isaak2009 won by resignation"]

1. d4 Nf6 2. Nf3 d5 3. c4 c6 4. cxd5 cxd5 5. Nc3 Nc6 6. Bf4 a6 7. e3 Bg4 8. Be2 e6 9. h3 Bxf3 10. Bxf3 Bd6 11. Bg5 h6 12. Bxf6 Qxf6 13. O-O O-O 14.
a3 Rfc8 15. Rc1 Na5 16. Be2 Qd8 17. b4 Nc4 18. Bxc4 Rxc4 19. Na4 Rac8 20. Nc5 Rxc1 21. Qxc1 b6 22. Nb7 Qd7 23. Qxc8+ Qxc8 24. Nxd6 Qc7 25.
Nxf7 Kxf7 26. Ra1 Qc3 27. Ra2 Qb3 28. Ra1 Qb2 29. Re1 Qxa3 30. Rb1 Qa2 31. Rc1 Qb3 32. Rc7+ Kf6 33. Rc6 Qxb4 34. g4 a5 35. h4 a4 36.
f4 Qe1+ 37. Kg2 Qe2+ 38. Kg3 Qxe3+ 39. Kg2 Qxf4 0-1

[Event "Early-Titled-Tuesday-Blitz-October-03-2023"]
[Site "Chess.com"]
[Date "2023.10.03"]
[Round "1"]
[White "Mystery2007"]
[Black "BahadirOzen"]
[Result "1/2-1/2"]
[WhiteElo "2464"]
[BlackElo "2798"]
[TimeControl "180+1"]
[EndTime "8:05:23 PDT"]
[Termination "Game drawn by agreement"]

1. e4 g6 2. d4 Bg7 3. Nc3 a6 4. a4 d6 5. Nf3 Nf6 6. h3 O-O 7. Bd3 Nc6 8. O-O e5 9. dxe5 Nxe5 10.
Nxe5 dxe5 11. Qe2 Be6 12. Rd1 Qe7 13. Be3 Rfd8 14. Bc4 a5 15. Bxe6 Qxe6 16. Qb5 b6 17.
Bg5 Rdc8 18. Bxf6 Bxf6 19. Qd7 Qxd7 20. Rxd7 c6 21. Rad1 Rab8 22. Kf1 Kf8 23. Ke2 Ke8 24. R7d6 Be7 25. R6d3 Rd8 26. Rxd8+ Bxd8 27. g3 Be7 28. Na2 f5 29. Nc1 Kf7 30. Nd3 Ke6 31. Ke3 Rd8 32. f4 exf4+ 33. Nxf4+ Kf6 34. Rxd8 Bxd8 1/2-1/2

[Event "Early-Titled-Tuesday-Blitz-October-03-2023"]
[Site "Chess.com"]
[Date "2023.10.03"]
[Round "1"]
[White "LeRoidesChampions"]
[Black "Zampronha1971"]
[Result "1-0"]
[WhiteElo "2623"]
[BlackElo "2308"]
[TimeControl "180+1"]
[EndTime "8:05:25 PDT"]
[Termination "LeRoidesChampions won by resignation"]

1. Nf3 Nf6 2. b3 g6 3. Bb2 Bg7 4. h4 h6 5. g3 d6 6. Bg2 Bg4 7.
O-O Nbd7 8. d3 O-O 9. c4 e5 10. Nc3 a6 11. Nh2 Rb8 12. Nxg4 Nxg4 13. e3 f5 14. Rc1 h5 15. b4 f4 16. exf4 exf4 17. d4 fxg3 18. fxg3 Rxf1+ 19. Bxf1 Qf6 20. Ne4 Qe7 21.
Bg2 Ne3 22. Qd3 Nxg2 23. Kxg2 Re8 24. Re1 Kh8 25. Bc3 Qf8 26. Rf1 Qe7 27. Re1 Qf8 28. d5 Ne5 29. Bxe5 Rxe5 30. Rf1 Qe7 31. Ng5 Re2+ 32.
Rf2 Rxf2+ 33. Kxf2 Qf6+ 34. Kg2 Bh6 35. Ne6 Kh7 36. Qf3 Qf4 37. gxf4 1-0

[Event "Early-Titled-Tuesday-Blitz-October-03-2023"]
[Site "Chess.com"]
[Date "2023.10.03"]
[Round "1"]
[White "Air-Conditioner07"]
[Black "NovozhilovSemen"]
[Result "0-1"]
[WhiteElo "2231"]
[BlackElo "2587"]
[TimeControl "180+1"]
[EndTime "8:05:28 PDT"]
[Termination "NovozhilovSemen won by resignation"]

1. e4 c5 2. Nf3 Nc6 3. Bb5 g6 4. O-O Bg7 5. Re1 Nf6 6. c3 O-O 7. d4 d5 8. e5 Ne4 9. Nbd2 Bf5 10. Bxc6 bxc6 11. Nh4 e6 12. Nxf5 exf5 13. Nxe4 dxe4 14. Qa4 cxd4 15. cxd4 c5 16. dxc5 Bxe5 17. Bh6 Re8 18. h3 Bxb2 19. Rad1 Qc7 20. c6 Rad8 21. Bg5 Rc8 22.
Rd7 Qxc6 23. Qxa7 Ra8 24. Qc7 Qxc7 25. Rxc7 Rxa2 26. Rd1 Bg7 27. Rdd7 Ra1+ 0-1

[Event "Early-Titled-Tuesday-Blitz-October-03-2023"]
[Site "Chess.com"]
[Date "2023.10.03"]
[Round "1"]
[White "Grossboss19"]
[Black "Duhless"]
[Result "0-1"]
[WhiteElo "2506"]
[BlackElo "2978"]
[TimeControl "180+1"]
[EndTime "8:05:33 PDT"]
[Termination "Duhless won by resignation"]

1. d4 Nf6 2. c4 e6 3. Nc3 Bb4 4.
e3 d5 5. Bd3 O-O 6. Nf3 c5 7.
O-O Nc6 8. a3 Bxc3 9. bxc3 dxc4 10. Bxc4 Qc7 11. Ba2 b6 12. Qc2 Ba6 13. Rd1 Rac8 14.
Bb2 cxd4 15. cxd4 Nxd4 16. Qxc7 Ne2+ 17. Kh1 Rxc7 18. Nd4 Ne4 19. Rf1 Nxd4 20. Bxd4 Bxf1 21. Rxf1 Rc2 22. Bb1 Rxf2 23. Rc1 f5 24. h4 h5 25. Bd3 Rd2 26. Bc4 Kf7 27. Bb3 Re8 28. Rc7+ Re7 29. Rc8 Nc5 30. Bc4 Rc2 31. Bb5 e5 32. Bxc5 Rxc5 33. Bc4+ Kg6 34. Rxc5 bxc5 35. Kg1 Kf6 0-1

[Event "Early-Titled-Tuesday-Blitz-October-03-2023"]
[Site "Chess.com"]
[Date "2023.10.03"]
[Round "1"]
[White "ejam94"]
[Black "Denis_Makhnyov"]
[Result "0-1"]
[WhiteElo "2503"]
[BlackElo "2947"]
[TimeControl "180+1"]
[EndTime "8:05:33 PDT"]
[Termination "Denis_Makhnyov won by checkmate"]

1. e4 e5 2. Nf3 Nc6 3. Bb5 a6 4. Ba4 Nf6 5. O-O Be7 6. Bxc6 dxc6 7. d3 Nd7 8. Nbd2 O-O 9. Nc4 f6 10. Nh4 Nc5 11. Nf5 Bxf5 12. exf5 Qd5 13. Qg4 Rfe8 14.
Be3 e4 15. Rad1 exd3 16. Bxc5 Bxc5 17. Rxd3 Qe4 18. Qxe4 Rxe4 19. Ne3 Rae8 20. Rd7 R8e7 21. Rfd1 Bxe3 22. Rd8+ Kf7 23. fxe3 Rxe3 24. R1d2 R3e5 25. Rh8 Rxf5 26. Rxh7 Re1# 0-1

[Event "Early-Titled-Tuesday-Blitz-October-03-2023"]
[Site "Chess.com"]
[Date "2023.10.03"]
[Round "1"]
[White "Gyulamiryan-koryun"]
[Black "Aslanov_Umid"]
[Result "0-1"]
[WhiteElo "1992"]
[BlackElo "2526"]
[TimeControl "180+1"]
[EndTime "8:05:33 PDT"]
[Termination "Aslanov_Umid won by checkmate"]

1. e4 c5 2. Nf3 d6 3. d4 cxd4 4.
Nxd4 Nf6 5. Nc3 a6 6. Be3 e5 7. Nb3 Be7 8. Bc4 O-O 9. O-O Be6 10. Bxe6 fxe6 11. f4 Nc6 12. f5 exf5 13. Rxf5 Rc8 14. Bg5 Qd7 15. Bxf6 Rxf6 16. Rxf6 Bxf6 17. Nd5 Rf8 18. Qd2 Qg4 19. Qe3 Bg5 20. Qd3 b5 21. h3 Qe6 22. Rf1 Rxf1+ 23. Qxf1 Nd4 24. Nxd4 exd4 25.
Qd3 Qe5 26. Nc7 Be3+ 27. Kh1 Qg3 28. Qb3+ Kh8 29. Qf7 Qe1+ 30. Kh2 Bg1+ 31. Kh1 Bf2+ 32. Kh2 Qg1# 0-1

[Event "Early-Titled-Tuesday-Blitz-October-03-2023"]
[Site "Chess.com"]
[Date "2023.10.03"]
[Round "1"]
[White "Zhigalko_Sergei"]
[Black "Herman-NY"]
[Result "1-0"]
[WhiteElo "2940"]
[BlackElo "2503"]
[TimeControl "180+1"]
[EndTime "8:05:34 PDT"]
[Termination "Zhigalko_Sergei won by resignation"]

1. e4 c5 2. Nf3 Nc6 3. c3 e6 4. d4 d5 5. e5 Bd7 6. Be2 f6 7. O-O fxe5 8. Nxe5 Nxe5 9. dxe5 Ne7 10. c4 Bc6 11.
cxd5 Nxd5 12. Bh5+ g6 13. Bg4 Qd7 14. Nd2 O-O-O 15.
Ne4 Be7 16. Bg5 Bxg5 17. Nxg5 Rhe8 18. Ne4 Qe7 19. Nd6+ Rxd6 20. exd6 Qxd6 21. Re1 Kb8 22. Qd2 h5 23. Bf3 Rf8 24. Be4 Rf4 25. Rad1 Rg4 26. g3 Qf8 27. Bg2 h4 28. Rxe6 hxg3 29. hxg3 Rd4 30.
Qe1 Rxd1 31. Qxd1 Nc7 32. Rd6 1-0

[Event "Early-Titled-Tuesday-Blitz-October-03-2023"]
[Site "Chess.com"]
[Date "2023.10.03"]
[Round "1"]
[White "djano"]
[Black "Francisco_Ferrari"]
[Result "1-0"]
[WhiteElo "2659"]
[BlackElo "2360"]
[TimeControl "180+1"]
[EndTime "8:05:36 PDT"]
[Termination "djano won by resignation"]

1. d4 d5 2. Bf4 Nf6 3. Nf3 e6 4.
e3 Bd6 5. Bg3 O-O 6. Nbd2 b6 7. c4 c5 8. dxc5 bxc5 9. Be2 Nc6 10. O-O d4 11. exd4 cxd4 12. Bh4 e5 13. c5 Be7 14. Bd3 Nd5 15. Bxe7 Qxe7 16. Re1 Bg4 17.
Qa4 Rac8 18. Nxe5 Nxe5 19. Qxd4 Qxc5 20. Qxc5 Rxc5 21. Rxe5 Be6 22. Ne4 Rc7 23. Ng5 g6 24. Rxe6 fxe6 25. Nxe6 Rb7 1-0

[Event "Early-Titled-Tuesday-Blitz-October-03-2023"]
[Site "Chess.com"]
[Date "2023.10.03"]
[Round "1"]
[White "DanyKopy"]
[Black "Alenzer"]
[Result "1-0"]
[WhiteElo "2537"]
[BlackElo "2107"]
[TimeControl "180+1"]
[EndTime "8:05:36 PDT"]
[Termination "DanyKopy won on time"]

1. d4 d5 2. c4 dxc4 3. Nf3 e6 4. e3 Nf6 5. Bxc4 a6 6. O-O b5 7. Be2 c5 8. a4 b4 9. Nbd2 Be7 10. Nc4 O-O 11. b3 Nc6 12. Bb2 Bb7 13. Rc1 cxd4 14. Nxd4 Nxd4 15. Qxd4 Qd5 16. Qxd5 Nxd5 17. Na5 Bc8 18.
Bf3 Bd7 19. Bxd5 exd5 20. Rc7 Rfd8 21. Nb7 Bf5 22. Nxd8 Bxd8 23. Rc5 Be6 24. Bd4 Be7 25. Rc7 Bd6 26. Rc6 1-0

[Event "Early-Titled-Tuesday-Blitz-October-03-2023"]
[Site "Chess.com"]
[Date "2023.10.03"]
[Round "1"]
[White "DefiantChair"]
[Black "JohnWhite1952"]
[Result "1-0"]
[WhiteElo "2525"]
[BlackElo "1988"]
[TimeControl "180+1"]
[EndTime "8:05:37 PDT"]
[Termination "DefiantChair won by resignation"]

1. d4 Nf6 2. c4 g6 3. Nc3 d5 4.
cxd5 Nxd5 5. e4 Nxc3 6. bxc3 Bg7 7. Nf3 O-O 8. h3 Nd7 9. Be2 c5 10. O-O cxd4 11. cxd4 Nf6 12. Qc2 b6 13. Bb2 Bb7 14. Bd3 Rc8 15. Qe2 Nh5 16. Qe3 e6 17. Rfd1 Qe7 18.
a4 Rfd8 19. a5 Qb4 20. Rdb1 Qe7 21. axb6 axb6 22. Ba3 Qd7 23. Rxb6 Bxd4 24. Nxd4 Qxd4 25. Qxd4 Rxd4 26. Bb2 Rxd3 27. Rxb7 Rd2 28. Raa7 Rcc2 29. Ra8+ Rc8 30. Rxc8+ 1-0

[Event "Early-Titled-Tuesday-Blitz-October-03-2023"]
[Site "Chess.com"]
[Date "2023.10.03"]
[Round "1"]
[White "valemava"]
[Black "MokshAD1603"]
[Result "0-1"]
[WhiteElo "2275"]
[BlackElo "2611"]
[TimeControl "180+1"]
[EndTime "8:05:40 PDT"]
[Termination "MokshAD1603 won by checkmate"]

1. c4 e5 2. a3 Nf6 3. b4 a5 4. b5 c6 5. a4 d5 6. e3 Be6 7. Bb2 Nbd7 8. d3 Bb4+ 9. Bc3 dxc4 10. dxc4 O-O 11. Nf3 Nc5 12. Be2 Qxd1+ 13. Kxd1 Nfe4 14. Bxb4 Nxf2+ 15. Kc2 axb4 16. Rf1 Ng4 17. Nxe5 Nxe5 18. Nd2 Nxa4 19. bxc6 bxc6 20. Kb3 Nb6 21. Kxb4 Rfb8 22. Rxa8 Nxa8+ 23. Kc3 Nb6 24. Ra1 Ra8 25. Rb1 Na4+ 26. Kd4 f6 27. Nf3 Rd8+ 28. Ke4 Nc3+ 29. Kf4 Nxb1 30. Nxe5 g5+ 31. Ke4 Nd2# 0-1

[Event "Early-Titled-Tuesday-Blitz-October-03-2023"]
[Site "Chess.com"]
[Date "2023.10.03"]
[Round "1"]
[White "HrvojeZagreb"]
[Black "crazy_but_lazy"]
[Result "0-1"]
[WhiteElo "2307"]
[BlackElo "2623"]
[TimeControl "180+1"]
[EndTime "8:05:42 PDT"]
[Termination "crazy_but_lazy won by resignation"]

1. d4 d5 2. Bf4 c6 3. e3 Qb6 4.
Nd2 Nf6 5. c4 Qxb2 6. Ngf3 Bf5 7. Qc1 Qxc1+ 8. Rxc1 e6 9. Ne5 Nbd7 10. Be2 Bb4 11.
f3 h6 12. g4 Bh7 13. h4 Rc8 14. g5 Nh5 15. Bh2 hxg5 16. hxg5 Bf5 17. Bg3 Ke7 18. Nxd7 Nxg3 19. Rg1 Nxe2 20. Kxe2 Rh2+ 0-1

[Event "Early-Titled-Tuesday-Blitz-October-03-2023"]
[Site "Chess.com"]
[Date "2023.10.03"]
[Round "1"]
[White "Chessdreamer2020"]
[Black "Dewarfd"]
[Result "1-0"]
[WhiteElo "2537"]
[BlackElo "2121"]
[TimeControl "180+1"]
[EndTime "8:05:42 PDT"]
[Termination "Chessdreamer2020 won on time"]

1. e4 e5 2. Nf3 Nc6 3. Be2 Nf6 4. d3 h6 5. O-O Be7 6. Nbd2 O-O 7. c3 d6 8. b4 a6 9. a3 Bg4 10. h3 Be6 11. Re1 Re8 12. Qc2 Nb8 13. d4 exd4 14. cxd4 c6 15. Bf1 Qc7 16. Nc4 Nbd7 17.
Bf4 Nh5 18. Bh2 Rac8 19. Rac1 Bf8 20. Qd2 Nhf6 21. Qf4 Nh5 22. Qh4 Nhf6 23. Bd3 Be7 24. Qf4 Nh5 25. Qd2 Nhf6 26. Bb1 Rcd8 27. Qd3 g6 28.
Qd2 Kh7 29. Bf4 Nf8 30. Bxh6 d5 31. Bf4 1-0

[Event "Early-Titled-Tuesday-Blitz-October-03-2023"]
[Site "Chess.com"]
[Date "2023.10.03"]
[Round "1"]
[White "GradualismUnleashed"]
[Black "IsuruAlahakoon"]
[Result "1-0"]
[WhiteElo "2618"]
[BlackElo "2296"]
[TimeControl "180+1"]
[EndTime "8:05:43 PDT"]
[Termination "GradualismUnleashed won by resignation"]

1. e4 d5 2. exd5 Qxd5 3. Nc3 Qa5 4. d4 Nf6 5. Nf3 Bg4 6. h3 Bh5 7. g4 Bg6 8. Ne5 e6 9. Bg2 c6 10. Bd2 Nbd7 11. Qe2 Bb4 12. a3 Nxe5 13. dxe5 Nd5 14. Nxd5 cxd5 15. Bxb4 Qc7 16. O-O Qxc2 17. Qxc2 Bxc2 18.
Rac1 Ba4 19. f4 h5 20. f5 hxg4 21. hxg4 Rh4 22. Bf3 a5 23. Bd6 Bc6 24. Kg2 Kd7 25. Kg3 Rah8 26. Rh1 Rxh1 27. Rxh1 Rxh1 28. Bxh1 Bb5 29. Kf4 Bd3 30. Bf3 f6 31. Bd1 b5 32.
Bb3 g5+ 33. fxg6 Bxg6 34. Bc5 fxe5+ 35. Kxe5 Bd3 36. g5 Bg6 37. Bd1 Bf5 38. Bh5 1-0

[Event "Early-Titled-Tuesday-Blitz-October-03-2023"]
[Site "Chess.com"]
[Date "2023.10.03"]
[Round "1"]
[White "Aleksandar-Topalov"]
[Black "Zablotsky"]
[Result "0-1"]
[WhiteElo "2403"]
[BlackElo "2721"]
[TimeControl "180+1"]
[EndTime "8:05:44 PDT"]
[Termination "Zablotsky won by resignation"]

1. b3 e5 2. Bb2 Nc6 3. c4 Nge7 4. e3 d5 5. cxd5 Nxd5 6. a3 Bd6 7. Qc2 O-O 8. Nf3 Qe7 9. d3 Re8 10. Nbd2 a5 11. g3 Bf5 12. Be2 Bh3 13. Qc4 Nb6 14. Qh4 Qxh4 15. Nxh4 Rad8 16. Nhf3 h6 17. O-O-O f5 18.
Nc4 Nxc4 19. dxc4 f4 20. Rd5 e4 21. Nd4 f3 22. Bd1 Ne5 23. Bc2 Ng4 24. c5 Nxf2 25.
cxd6 c6 26. d7 Bxd7 27. Rxd7 Rxd7 28. Rf1 Ng4 29. Kd2 Nxh2 30. Rh1 f2 0-1

[Event "Early-Titled-Tuesday-Blitz-October-03-2023"]
[Site "Chess.com"]
[Date "2023.10.03"]
[Round "1"]
[White "ariosp"]
[Black "lefonghua"]
[Result "0-1"]
[WhiteElo "2235"]
[BlackElo "2586"]
[TimeControl "180+1"]
[EndTime "8:05:45 PDT"]
[Termination "lefonghua won by resignation"]

1. e4 c5 2. Nf3 g6 3. d4 cxd4 4. Nxd4 Bg7 5. Nc3 Nc6 6. Be3 Nf6 7. Bc4 Qa5 8. O-O O-O 9. Bb3 d6 10. h3 Bd7 11. Qd2 Nxd4 12. Bxd4 Bc6 13. Rfe1 Rfc8 14. e5 dxe5 15. Rxe5 Qc7 16. Rae1 e6 17. Rxe6 fxe6 18. Rxe6 Kh8 19. Rxf6 Rd8 20. Rf4 Rxd4 21. Rxd4 Bxd4 22.
Qxd4+ Qg7 23. Qc5 Re8 24. f4 Qd7 25. Qxa7 Qd2 0-1

[Event "Early-Titled-Tuesday-Blitz-October-03-2023"]
[Site "Chess.com"]
[Date "2023.10.03"]
[Round "1"]
[White "LUISMIGUELOV"]
[Black "ama18"]
[Result "0-1"]
[WhiteElo "2150"]
[BlackElo "2545"]
[TimeControl "180+1"]
[EndTime "8:05:47 PDT"]
[Termination "ama18 won by checkmate"]

1. d4 Nf6 2. c3 e6 3. Bg5 b6 4. Nd2 Bb7 5. e4 h6 6. Bxf6 Qxf6 7. e5 Qd8 8. Ngf3 d6 9. Bb5+ Nd7 10. O-O Be7 11. Re1 O-O 12. Qe2 a6 13. Ba4 b5 14.
Bc2 c5 15. Qd3 g6 16. Qe3 Kg7 17. Rad1 cxd4 18. Qxd4 dxe5 19. Nxe5 Nxe5 20. Qxe5+ Bf6 21. Qe3 Qa5 22. a3 Rad8 23. Be4 Bc8 24. Bf3 Qc7 25. Ne4 Be7 26. Rd4 e5 27. Rd2 f5 28.
Rxd8 Rxd8 29. Nd2 e4 30. Be2 Bg5 31. f4 exf3 32. Qxf3 Bxd2 33. Rd1 Bg5 34. Rxd8 Qxd8 35. h3 Be6 36. Qb7+ Qd7 37. Qxa6 Be3+ 38. Kh1 Qd2 39. Qxb5 Qe1+ 40. Bf1 Qf2 41. Qb7+ Kf6 42. Kh2 Bf4+ 43.
Kh1 Qxf1# 0-1

[Event "Early-Titled-Tuesday-Blitz-October-03-2023"]
[Site "Chess.com"]
[Date "2023.10.03"]
[Round "1"]
[White "Al_Shima"]
[Black "Elprofessor21"]
[Result "0-1"]
[WhiteElo "2339"]
[BlackElo "2641"]
[TimeControl "180+1"]
[EndTime "8:05:49 PDT"]
[Termination "Elprofessor21 won by resignation"]

1. b3 d5 2. Bb2 Nc6 3. e3 Nf6 4. Bb5 Bd7 5. f4 g6 6. Bxc6 Bxc6 7. Nf3 Bg7 8. Ne5 Bd7 9. Nxd7 Qxd7 10. d3 O-O 11.
Nd2 c5 12. Qe2 d4 13. e4 Ng4 14. Nf1 e5 15. h3 Nf6 16. fxe5 Nh5 17. g4 Nf4 18.
Qf3 Bxe5 19. Bc1 Ne6 20. Bh6 Rfc8 21. a4 Qd6 22. h4 Bf4 23. Bxf4 Qxf4 24. Qxf4 Nxf4 25.
Nd2 Ng2+ 26. Ke2 Ne3 27. Rac1 Nxg4 28. Nc4 h5 29. Rcf1 Rc7 30. a5 Re8 31. Kd2 Re6 32. b4 cxb4 33. Rb1 Nf2 34. Rhf1 Nxe4+ 35. Kc1 Nc3 36.
Rb3 b5 37. axb6 axb6 38. Kb2 b5 39. Nd2 Re2 0-1